 Dungeon Crawl Stone Soup version 0.32-a0-799-g95e1662365 (webtiles) character file.

Game seed: 14875735186093563754

12523 GodheadOfAwe the Thaumaturge (level 11, -4/148 HPs)
             Began as a Black Draconian Necromancer on Mar 21, 2024.
             Was a Believer of Kikubaaqudgha.
             Slain by an orc warrior
             ... wielding a +0 scimitar
              (9 damage)
             ... on level 10 of the Dungeon.
             The game lasted 00:21:31 (13782 turns).

GodheadOfAwe the Thaumaturge (DrNe)                Turns: 13782, Time: 00:21:32

Health: -4/148     AC: 25    Str: 11    XL:     11   Next: 63%
Magic:  34/34      EV:  2    Int: 19    God:    Kikubaaqudgha [**....]
Gold:   633        SH:  0    Dex: 12    Spells: 25/30 levels left

rFire   . . .        J - -2 demon whip (venom)
rCold   . . .        C - orb {*channel}
rNeg    . . .        (body armour unavailable)
rPois   +            (helmet currently unavailable)
rElec   .            (cloak currently unavailable)
rCorr   +            o - melded +0 pair of gloves
SInv    .            (boots currently unavailable)
Will    .....        g - amulet of regeneration
Stlth   ++           R - ring of resist corrosion
HPRegen 1.24/turn    W - ring of magical power
MPRegen 0.24/turn

%: channel magic (20%)
@: tree-form
A: stationary, stasis, torment immunity, boosted hp, (galvanic breath), AC +7,
unfitting armour, (electricity resistance), (cold-blooded)
a: Renounce Religion, Unearth Wretches


You were on level 10 of the Dungeon.
You worshipped Kikubaaqudgha.
Kikubaaqudgha was pleased with you.
You were a tree.
You visited 2 branches of the dungeon, and saw 11 of its levels.

You collected 633 gold pieces.

Inventory:

Hand Weapons
 c - the +3 long sword of the Supporting Asp {drain, Dex+3 Stlth+}
   (You found it on level 7 of the Dungeon)

   Dex+3:     It affects your dexterity (+3).
   Stlth+:    It makes you more stealthy.
 e - a +2 short sword of draining
 A - a +4 scimitar
 I - the +4 whip of Tivo Wuocsa {drain, +Blink Int+3 Stlth-}
   (You found it on level 8 of the Dungeon)

   Int+3:     It affects your intelligence (+3).
   +Blink:    It lets you blink.
   Stlth-:    It makes you less stealthy.
 J - a -2 demon whip of venom (weapon)
Missiles
 l - a throwing net {=f!f}
Armour
 i - an orb of light
 o - a +0 pair of gloves (melded)
 C - an orb of energy (worn)
Magical Staves
 s - a staff of earth {!a}
 H - a staff of fire {!a}
Jewellery
 g - an amulet of regeneration (around neck)
 v - a ring of see invisible
 R - a ring of resist corrosion (left branch)
 W - a ring of magical power (right branch)
Wands
 d - a wand of warping (7)
 f - a wand of quicksilver (4)
 j - a wand of polymorph (14)
 t - a wand of digging (6)
Scrolls
 b - 3 scrolls of enchant weapon
 h - a scroll of poison {!r}
 k - 3 scrolls of enchant armour
 p - a scroll of identify {@r1}
 q - a scroll of fog
 u - 2 scrolls of revelation
 x - a scroll of vulnerability {!r!r}
Potions
 a - 3 potions of magic
 m - a potion of enlightenment {unknown}
 n - 4 potions of brilliance
 r - a potion of lignification {!q}
 y - 2 potions of berserk rage {unknown}
 z - 2 potions of degeneration {unknown}
 B - a potion of invisibility {unknown}


   Skills:
 - Level 10.0 Fighting
 - Level 8.0 Dodging
 - Level 4.0 Stealth
 - Level 10.0 Spellcasting
 * Level 9.7 Necromancy


You had 25 spell levels left.
You knew the following spells:

 Your Spells              Type           Power      Damage    Failure   Level
a - Animate Dead          Necr           46%        N/A       6%          4
X - Necrotise             Necr           100%       1d9       1%          1

Your spell library contained the following spells:

 Spells                   Type           Power      Damage    Failure   Level
 Vampiric Draining        Necr           46%        2d9       3%          3
 Kiss of Death            Conj/Necr      100%       2d13      5%          1
 Cigotuvi's Dreadful Rot  Necr/Alch/Air  42%        N/A       11%         2
 Curse of Agony           Necr           46%        N/A       12%         5
 Passwall                 Erth           9%         N/A       43%         3
 Volatile Blastmotes      Fire/Tloc      18%        2d11      43%         3
 Bombard                  Conj/Erth      4%         9d2       100%        6


Dungeon Overview and Level Annotations

Branches:
Dungeon (10/15)            Temple (1/1) D:5             Orc (0/2) D:9
   Lair: D:8-11

Altars:
Ashenzari
Cheibriados
Dithmenos
Elyvilon
Fedhas
Gozag
Hepliaklqana
Kikubaaqudgha
Makhleb
Nemelex Xobeh
Okawaru
Qazlal
Ru
Sif Muna
Trog
Uskayaw
Vehumet
Wu Jian
Xom
Yredelemnul
Zin
The Shining One

Shops:
D:8 (


Innate Abilities, Weirdness & Mutations

You are a tree.
Your roots penetrate the ground, keeping you stationary.
You cannot be teleported.
You are immune to unholy pain and torment.
Your maximum health is greatly increased.
Your equipment is partially melded.
((You can breathe arcing electricity.))
((Your glossy black scales are hard. (AC +7)))
You cannot fit into any form of body armour.
((You are resistant to electric shocks. (rElec)))
((You are cold-blooded and may be slowed by cold attacks.))


Message History

You have exhausted your breath weapon.
Dive deeper!
Unknown command.
You turn into a tree.
Your +0 pair of gloves melds into your body.
Your roots penetrate the ground.
The centaur hits you but does no damage.
The centaur kicks you but does no damage.
The orc warrior hits you with a +0 scimitar!
* * * LOW HITPOINT WARNING * * *
The centaur hits you but does no damage.
The centaur kicks you.
* * * LOW HITPOINT WARNING * * *
Unknown command.
You hit the centaur but do no damage.
The centaur hits you but does no damage.
The centaur kicks you but does no damage.
The orc warrior hits you but does no damage.
Unknown command.
You barely miss the orc warrior. The centaur hits you.
* * * LOW HITPOINT WARNING * * *
The centaur kicks you but does no damage.
The orc warrior hits you with a +0 scimitar.
* * * LOW HITPOINT WARNING * * *
The centaur hits you but does no damage.
The centaur kicks you but does no damage.
You hit the orc warrior but do no damage.
The orc warrior is poisoned.
The centaur hits you.
* * * LOW HITPOINT WARNING * * *
The centaur kicks you but does no damage.
The orc warrior hits you with a +0 scimitar.
* * * LOW HITPOINT WARNING * * *
Unknown command.
Aiming: Quicksilver Bolt
Press: ? - help, Q - select action, (/) - cycle Shift-Dir - straight line, f - orc warrior
Aim: an orc warrior, wielding a +0 scimitar and wearing a +0 plate armour (lightly wounded, very poisoned, 71% to hit)
The bolt of dispelling energy hits the orc warrior!
The centaur barely misses you.
The centaur kicks you but does no damage.
The orc warrior hits you but does no damage.
The centaur hits you but does no damage.
The centaur kicks you but does no damage.
Aiming: Quicksilver Bolt
Press: ? - help, Q - select action, (/) - cycle Shift-Dir - straight line, f/p - orc warrior
Aim: an orc warrior, wielding a +0 scimitar and wearing a +0 plate armour (moderately wounded, very poisoned, 71% to hit)
The bolt of dispelling energy hits the orc warrior.
The centaur hits you but does no damage.
The centaur kicks you but does no damage.
The orc warrior hits you with a +0 scimitar!
You die...
Kikubaaqudgha rasps: You have failed me!
Welcome... death!

.. ~≈~~ .~###### . ......
~~#.$..# . ..ß......~#....# ..
#...##...~#....# ..##...##...~#
...####..
............~###oc......
.ß..._...ß.....#♣#
...y..YYY...~..#.# # Y
#.Yy##Oy.~..#.# #
..##...##..~~..#.# #
.....ß..Y..~~..#.######''# #.
.........O..≈###..)....... ..#
...........Y≈#....############...
~~~~~?.....Y≈#.)..#..........#..(
≈≈≈≈~≈~....YY#....#..........#...


You could see an orc warrior (very poisoned) and a centaur.

Vanquished Creatures
  2 two-headed ogres (D:8)
  Amaemon (D:8)
  A cyclops (D:9)
  An orange demon (D:8)
  Jeremiah (D:8)
  A kobold demonologist (D:9)
  Psyche (D:8)
  A troll (D:10)
  A merfolk (D:10)
  Grinder (D:4)
  2 wyverns
  8 yaks
  Eustachio (D:4)
  A basilisk (D:6)
  4 vampire mosquitoes
  A steam dragon (D:8)
  2 two-headed ogre zombies (D:9)
  3 water moccasins
  An acid dragon (D:10)
  Duvessa (D:5)
  2 orc warriors
  4 sky beasts
  2 ice beasts
  2 black bears (D:10)
  An ogre (D:6)
  4 centaurs
  3 phantoms
  A kobold brigand (D:8)
  8 bullfrogs
  2 scorpions
  Dowan (D:5)
  9 wights
  2 troll zombies (D:9)
  A yak zombie (D:9)
  10 killer bees
  2 jellies
  2 bombardier beetles
  A howler monkey (D:6)
  An electric eel (D:10)
  4 hounds (D:6)
  9 orc priests
  Terence (D:2)
  A gnoll bouda (D:7)
  5 iguanas
  2 sleepcaps
  Ijyb (D:3)
  6 orc wizards
  4 ogre zombies (D:9)
  7 adders
  3 gnolls (D:7)
  A shadow imp (D:7)
  2 white imps
  A dart slug (D:1)
  A ribbon worm (D:2)
  42 orcs
  8 endoplasms
  3 giant cockroaches
  3 gnoll zombies (D:9)
  11 goblins
  7 hobgoblins
  5 ball pythons
  4 bats
  2 frilled lizards
  3 gnoll skeletons (D:9)
  14 kobolds
  2 orc skeletons (D:9)
  15 orc zombies (D:9)
  7 rats
267 creatures vanquished.

Vanquished Creatures (collateral kills)
  A gargoyle (D:9)
  2 yaks
  A hog (D:10)
  A vampire mosquito (D:9)
  A phantom (D:9)
  A bullfrog (D:10)
  2 electric eels (D:10)
  A hound (D:7)
  An orc priest (D:9)
  An orc (D:7)
  An endoplasm (D:3)
  A giant cockroach (D:1)
  A gnoll skeleton (D:9)
  2 kobolds (D:9)
  An orc zombie (D:9)
18 creatures vanquished.

Vanquished Creatures (others)
  A yak zombie (D:10)
  3 orc wizards (D:7)
  An orc zombie (D:10)
  A goblin zombie (D:10)
6 creatures vanquished.

Grand Total: 291 creatures vanquished

Notes
Turn   | Place    | Note
-------+----------+-------------------------------------------
     0 | D:1      | GodheadOfAwe the Draconian Necromancer began the quest for
                  | the Orb.
     0 | D:1      | Reached XP level 1. HP: 14/14 MP: 3/3
   177 | D:1      | Reached XP level 2. HP: 22/22 MP: 1/5
   610 | D:1      | Found a faded altar of an unknown god.
   727 | D:1      | Reached skill level 1 in Fighting
  1180 | D:2      | Noticed Terence
  1192 | D:2      | Reached XP level 3. HP: 18/28 MP: 0/6
  1198 | D:2      | Killed Terence
  2037 | D:3      | Noticed Ijyb
  2093 | D:3      | Killed Ijyb
  2094 | D:3      | Reached skill level 3 in Spellcasting
  2094 | D:3      | Reached XP level 4. HP: 35/35 MP: 5/8
  2558 | D:3      | Reached XP level 5. HP: 22/41 MP: 2/10
  3487 | D:4      | Reached skill level 3 in Stealth
  3596 | D:4      | Reached XP level 6. HP: 26/50 MP: 3/11
  3795 | D:4      | Noticed Grinder
  3925 | D:4      | Paralysed by Grinder for 2 turns
  4071 | D:4      | Paralysed by Grinder for 5 turns
  4084 | D:4      | Paralysed by Grinder for 3 turns
  4363 | D:4      | Reached skill level 3 in Dodging
  4672 | D:4      | Noticed Eustachio
  4690 | D:4      | Killed Eustachio
  4691 | D:4      | Reached skill level 3 in Fighting
  5252 | D:4      | Paralysed by Grinder for 2 turns
  5264 | D:4      | Killed Grinder
  5265 | D:4      | Your scales start taking on a glossy black colour.
  5265 | D:4      | Reached XP level 7. HP: 48/57 MP: 14/14
  5265 | D:4      | Gained mutation: You are resistant to electric shocks.
                  | (rElec) [Black Draconian growth]
  5430 | D:5      | Entered Level 5 of the Dungeon
  5667 | D:5      | Found a staircase to the Ecumenical Temple.
  5675 | Temple   | Entered the Ecumenical Temple
  5966 | D:5      | Noticed Duvessa
  5970 | D:5      | Noticed Dowan
  5983 | D:5      | Killed Duvessa
  5984 | D:5      | Reached XP level 8. HP: 12/66 MP: 13/16
  5984 | D:5      | Killed Dowan
  6565 | D:6      | Reached skill level 6 in Spellcasting
  7824 | D:6      | Reached XP level 9. HP: 72/75 MP: 20/20
  7827 | D:6      | Reached skill level 6 in Fighting
  8290 | D:7      | Identified the +3 long sword of the Supporting Asp {drain,
                  | Dex+3 Stlth+}
  8641 | D:7      | Reached skill level 6 in Dodging
  9062 | D:7      | Found a stormy altar of Qazlal.
  9081 | D:7      | Found an iron altar of Okawaru.
  9171 | D:7      | Reached skill level 9 in Spellcasting
  9759 | D:8      | Reached XP level 10. HP: 50/86 MP: 20/23
  9885 | D:8      | Noticed a two-headed ogre
  9895 | D:8      | Killed a two-headed ogre
 10173 | D:8      | You fall into a shaft and drop 2 floors!
 10173 | D:10     | Entered Level 10 of the Dungeon
 10485 | D:9      | Found a bloodstained altar of Trog.
 10486 | D:9      | Found a broken altar of Ashenzari.
 10488 | D:9      | Found a shimmering altar of Xom.
 10488 | D:9      | Found a sparkling altar of Nemelex Xobeh.
 10490 | D:9      | Found a shimmering blue altar of Sif Muna.
 10491 | D:9      | Found a snail-covered altar of Cheibriados.
 10492 | D:9      | Found an opulent altar of Gozag.
 10493 | D:9      | Found an ancient bone altar of Kikubaaqudgha.
 10497 | D:9      | Became a worshipper of Kikubaaqudgha
 10520 | D:9      | Noticed a cyclops
 10551 | D:9      | Killed a cyclops
 10657 | D:8      | Identified the +4 whip of Tivo Wuocsa {drain, +Blink Int+3
                  | Stlth-}
 10694 | D:8      | Found Bawk's Antique Weapon Boutique.
 10923 | D:8      | Noticed Jeremiah
 11040 | D:8      | Noticed Psyche
 11049 | D:8      | Killed Psyche
 11054 | D:8      | Noticed Amaemon
 11060 | D:8      | Noticed an orange demon
 11064 | D:8      | Killed Amaemon
 11065 | D:8      | Reached skill level 6 in Necromancy
 11065 | D:8      | Killed an orange demon
 11420 | D:8      | Learned a level 4 spell: Animate Dead
 11454 | D:9      | Noticed a gargoyle
 11456 | D:9      | Noticed a two-headed ogre
 11488 | D:8      | Killed Jeremiah
 11748 | D:8      | Killed a two-headed ogre
 11749 | D:8      | Reached skill level 9 in Fighting
 11749 | D:8      | Reached XP level 11. HP: 97/97 MP: 25/25
 11815 | D:8      | Reached * piety under Kikubaaqudgha
 11815 | D:8      | Received a gift from Kikubaaqudgha
 12210 | D:9      | Found a staircase to the Orcish Mines.
 12456 | D:9      | Reached ** piety under Kikubaaqudgha
 13385 | D:10     | Reached skill level 9 in Necromancy
 13689 | D:10     | Found a broken altar of Ashenzari.
 13696 | D:10     | Noticed a two-headed ogre
 13780 | D:10     | HP: 7/148 [centaur (4)]
 13780 | D:10     | HP: 3/148 [orc warrior/+0 scimitar (4)]
 13782 | D:10     | Slain by an orc warrior

Illustrated notes

Levels and vault maps discovered:
D:1:      lightli_molten_gateway, layout_basic,
          shapermc_ecumenical_altar_mp_highgroup
D:2:      layout_basic, uniq_terence
D:3:      corexii_shack_village, layout_basic, uniq_ijyb
D:4:      layout_layer_cave, uniq_eustachio, uniq_grinder
D:5:      layout_basic, minmay_temple_entry_stoned_glass, uniq_duvessa
D:6:      layout_gridville, grunt_potential
D:7:      layout_loops_corners, jmf_multi_god_temple2, grunt_ministairs_8,
          minmay_misc_feat_diagonals, minmay_bent
D:8:      layout_basic, serial_shops, kennysheep_mini_moat, uniq_psyche,
          uniq_amaemon, uniq_jeremiah
D:9:      layout_gridville, minitemple, zombieorc2_lemuel
D:10:     kennysheep_town
Temple:   minmay_temple_bridge_abc

Skill      XL: |  1  2  3  4  5  6  7  8  9 10 11 |
---------------+----------------------------------+-----
Stealth        | 2 3 4 |  4.0
Dodging        | 2 3 4 5 6 7 8 |  8.0
Fighting       | 1 2 3 4 5 7 9 10 | 10.0
Spellcasting   | 3 4 5 7 9 10 | 10.0
Necromancy     | 7 9 |  9.7

Action                     |  1- 3 |  4- 6 |  7- 9 | 10-12 || total
---------------------------+-------+-------+-------+-------++-------
  Melee: Unarmed           |     6 |       |       |       ||     6
         Short sword       |    17 |    53 |    67 |       ||   137
         Tailslap          |     1 |     7 |    17 |    68 ||    93
         Scimitar          |       |       |    41 |    23 ||    64
         Demon whip        |       |       |       |   288 ||   288
   Cast: Necrotise         |    72 |   122 |   262 |   194 ||   650
         Animate Dead      |       |       |       |     7 ||     7
Ability: Galvanic Breath   |       |       |     7 |     8 ||    15
  Evoke: Wand              |       |     3 |    16 |    23 ||    42
    Use: Scroll            |       |       |    12 |     9 ||    21
         Potion            |       |       |       |    13 ||    13
   Stab: Distracted        |       |     1 |       |     2 ||     3
         Paralysed         |       |       |     3 |    24 ||    27
 Armour: Skin              |    22 |    72 |   198 |   489 ||   781
  Dodge: Dodged            |    21 |    51 |   184 |   482 ||   738

Table legend: (Time is in decaauts)
 A = Elapsed time spent in this place.
 B = Non-inter-level travel time spent in this place.
 C = Inter-level travel time spent in this place.
 D = Time resting spent in this place.
 E = Time spent auto-exploring this place.
 F = Levels seen in this place.
 G = Mean time per level.
                   A        B        C        D        E       F      G
               +--------+--------+--------+--------+--------+-----+--------+
         Total |  13801 |  12899 |    902 |   1648 |   9015 |  11 | 1254.6 |
       Dungeon |  13763 |  12897 |    866 |   1648 |   9015 |  10 | 1376.3 |
        Temple |     37 |      2 |     35 |      0 |      0 |   1 |   37.0 |
               +--------+--------+--------+--------+--------+-----+--------+

Top non-repeatable levels by time:
     D:8: 1859 daAuts
     D:4: 1684 daAuts
     D:3: 1677 daAuts
     D:7: 1642 daAuts
     D:6: 1621 daAuts
     D:9: 1447 daAuts
     D:1: 1129 daAuts
     D:5: 1081 daAuts
     D:2: 941 daAuts
    D:10: 678 daAuts
  Temple: 37 daAuts
